 Dungeon Crawl Stone Soup version 0.30-a0-859-gf88a04b62d (webtiles) character file.

Game seed: 12317031852799193689

66137 cforsyth the Spry (level 14, 0/100 HPs)
             Began as a Deep Elf Earth Elementalist on Mar 7, 2023.
             Was a High Priest of Vehumet.
             Killed from afar by Jorgrun (54 damage)
             ... with an iron shot
             ... on level 2 of the Orcish Mines.
             The game lasted 01:20:00 (28510 turns).

cforsyth the Spry (Deep Elf Earth Elementalist)    Turns: 28510, Time: 01:20:01

Health: 0/100      AC: 10    Str:  7    XL:     14   Next: 78%
Magic:  17/33      EV: 22    Int: 26    God:    Vehumet [*****.]
Gold:   1319       SH:  0    Dex: 18    Spells: 31/39 levels left

rFire   + + .      SeeInvis +    (no weapon)
rCold   + . .      Faith    .    (no shield)
rNeg    + . .      Spirit   .    K - +0 troll leather armour
rPois   .          Reflect  .    Q - +0 hat {SInv}
rElec   .          Rampage  .    s - +0 cloak
rCorr   .                        T - +2 pair of gloves {Dex+3}
Will    +++..                    c - +1 pair of boots of Rotation {rF++ Will+}
Stlth   ++                       h - amulet of regeneration
HPRegen 1.96/turn                P - ring of willpower
MPRegen 0.23/turn                S - ring "Buziogg" {rC+ rN+ Str+2}

@: no status effects
A: no striking features
a: Renounce Religion


You were on level 2 of the Orcish Mines.
You worshipped Vehumet.
Vehumet was extremely pleased with you.
You visited 4 branches of the dungeon, and saw 21 of its levels.
You also visited: Bailey and Gauntlet.

You collected 1494 gold pieces.
You spent 175 gold pieces at shops.

Inventory:

Armour
 c - the +1 pair of boots of Rotation (worn) {rF++ Will+}
   (You acquired it on level 7 of the Dungeon)

   rF:        It greatly protects you from fire.
   Will:      It increases your willpower.
 s - a +0 cloak (worn)
 K - a +0 troll leather armour (worn)
 Q - a +0 hat of see invisible (worn)
 R - a scarf of shadows
 T - a +2 pair of gloves of dexterity (worn)
 V - a +2 buckler
Jewellery
 g - a +6 ring of strength
 h - an amulet of regeneration (around neck)
 l - a ring of protection from cold
 t - a +5 ring of evasion
 v - a ring of see invisible
 w - a ring of protection from fire
 y - a +6 ring of dexterity
 E - a ring of fire
 L - a ring of ice
 O - a ring of poison resistance
 P - a ring of willpower (left hand)
 S - the ring "Buziogg" (right hand) {rC+ rN+ Str+2}
   (You found it in a Gauntlet)

   [ring of positive energy]

   Str:       It affects your strength (+2).
   rC:        It protects you from cold.
   rN:        It protects you from negative energy.
 W - a ring of wizardry
Wands
 k - a wand of digging (3)
 o - a wand of flame (37)
 u - a wand of mindburst (4)
 B - a wand of paralysis (39)
 G - a wand of polymorph (13)
Scrolls
 a - a scroll of fog
 d - 5 scrolls of immolation
 f - 4 scrolls of poison
 i - 2 scrolls of blinking
 j - 3 scrolls of magic mapping
 n - a scroll of teleportation
 C - 2 scrolls of fear
 H - 5 scrolls of identify
 J - 2 scrolls of vulnerability
 M - a scroll of butterflies
 N - 2 scrolls of enchant armour
 U - a scroll of enchant weapon
Potions
 b - a potion of magic
 e - a potion of experience
 m - 5 potions of mutation
 p - a potion of attraction
 q - 3 potions of ambrosia
 r - 5 potions of haste
 x - 2 potions of flight
 z - 3 potions of lignification
 A - 4 potions of heal wounds
 D - 9 potions of curing
 F - a potion of cancellation
 I - 3 potions of might


   Skills:
 + Level 16.8 Fighting
 + Level 17.2 Dodging
 - Level 2.4 Stealth
 - Level 13.3 Spellcasting
 - Level 1.1 Transmutations
 - Level 15.5 Earth Magic


You had 31 spell levels left.
You knew the following spells:

 Your Spells              Type           Power      Damage    Failure   Level
a - Sandblast             Erth           100%       2d20      0%          1
b - Stone Arrow           Conj/Erth      100%       3d13      1%          3
c - Petrify               Tmut/Erth      57%        N/A       1%          4

Your spell library contained the following spells:

 Spells                   Type           Power      Damage    Failure   Level
 Conjure Ball Lightning   Conj/Air       8%         3x3d6     86%         6
 Foxfire                  Conj/Fire      68%        2x1d7     1%          1
 Freeze                   Ice            68%        1d8       1%          1
 Kiss of Death            Conj/Necr      68%        2d10      1%          1
 Magic Dart               Conj           68%        1d6       1%          1
 Passwall                 Tmut/Erth      47%        N/A       1%          2
 Searing Ray              Conj           34%        2d5       2%          2
 Ignite Poison            Fire/Tmut/Pois 19%        N/A       3%          3
 Necrotise                Necr           68%        1d7       4%          1
 Frozen Ramparts          Ice            34%        1d6       4%          3
 Hailstorm                Conj/Ice       17%        3d6       4%          3
 Inner Flame              Hex/Fire       17%        N/A       4%          3
 Sublimation of Blood     Necr           17%        N/A       8%          2
 Fulminant Prism          Conj/Hex       8%         3d7       13%         4
 Confusing Touch          Hex            17%        N/A       16%         3
 Vampiric Draining        Necr           17%        2d7       16%         3
 Irradiate                Conj/Tmut      10%        3d15      28%         5
 Fireball                 Conj/Fire      8%         3d6       32%         5
 Cause Fear               Hex            8%         N/A       45%         4
 Dispel Undead            Necr           17%        3d10      45%         4
 Summon Lightning Spire   Summ/Air       17%        N/A       45%         4
 Alistair's Intoxication  Tmut/Pois      13%        N/A       73%         5
 Agony                    Necr           17%        N/A       80%         5
 Summon Mana Viper        Hex/Summ       17%        N/A       80%         5
 Storm Form               Tmut/Air       10%        N/A       100%        7
 Discord                  Hex            8%         N/A       100%        8
 Maxwell's Capacitive Co  Air            8%         ∞         100%        8


Dungeon Overview and Level Annotations

Branches:
Dungeon (13/15)            Temple (1/1) D:7            Lair (5/5) D:11
  Swamp (0/4) Lair:2        Snake (0/4) Lair:3        Slime (0/5) Lair:5
    Orc (2/2) D:10         Bailey (visited)         Gauntlet (visited)
    Elf: Orc:2       Vaults: D:13-14

Altars:
Ashenzari
Cheibriados
Dithmenos
Elyvilon
Fedhas
Gozag
Hepliaklqana
Kikubaaqudgha
Makhleb
Nemelex Xobeh
Okawaru
Qazlal
Ru
Sif Muna
Trog
Uskayaw
Vehumet
Wu Jian
Xom
Yredelemnul
Zin
The Shining One

Shops:
D:2 (   D:3 =   D:7 (   D:8 *   Orc:2 :(

Annotations:
D:5 3 runed translucent doors, Darkkill's ghost, amateur MiHu
Lair:4 3 runed translucent doors, Darius099's ghost, journeyman TrMo; bmack86's ghost, journeyman MiFi
Orc:2 Jorgrun


Message History

Casting: Stone Arrow (safe; 1% risk of failure)
Confirm with . or Enter, or press ? or * to list all spells.
Aiming: Stone Arrow (safe; 1% risk of failure)
Press: ? - help, Shift-Dir - straight line, f/p - Jorgrun
Aim: Jorgrun, wielding a staff of earth and wearing a +2 robe of willpower (lightly wounded, wandering, hasn't noticed you, 63% to hit)
The stone arrow hits Jorgrun!
Jorgrun is lightly wounded.
Jorgrun shouts!
Jorgrun points next to you and mumbles some strange words.
The wall shatters!
The blast of rock fragments hits you!!!
Ouch! That really hurt!
Unknown command.
Casting: Stone Arrow (safe; 1% risk of failure)
Confirm with . or Enter, or press ? or * to list all spells.
You don't know that spell.
Okay, then.
Unknown command.
Casting: Stone Arrow (safe; 1% risk of failure)
Confirm with . or Enter, or press ? or * to list all spells.
Aiming: Petrify (mildly dangerous; 1% risk of failure)
Press: ? - help, Shift-Dir - straight line, f/p - Jorgrun
Aim: Jorgrun, wielding a staff of earth and wearing a +2 robe of willpower (lightly wounded, chance to affect: 0%)
Okay, then.
Casting: Petrify (mildly dangerous; 1% risk of failure)
Confirm with . or Enter, or press ? or * to list all spells.
Aiming: Stone Arrow (safe; 1% risk of failure)
Press: ? - help, Shift-Dir - straight line, f/p - Jorgrun
Aim: Jorgrun, wielding a staff of earth and wearing a +2 robe of willpower (lightly wounded, 63% to hit)
The stone arrow hits Jorgrun.
Jorgrun is lightly wounded.
Casting: Stone Arrow (safe; 1% risk of failure)
Confirm with . or Enter, or press ? or * to list all spells.
Aiming: Stone Arrow (safe; 1% risk of failure)
Press: ? - help, Shift-Dir - straight line, f/p - Jorgrun
Aim: Jorgrun, wielding a staff of earth and wearing a +2 robe of willpower (lightly wounded, 63% to hit)
The stone arrow misses Jorgrun.
Jorgrun gestures at you while chanting. The iron shot hits you!!!
Ouch! That really hurt!
You die...

##### #.#.# ####..## #
##......## ##
#.......[### .####
###.....[..#
..#.###.....[...@#
.....##.[).......####
........[.#.g....[..##
......).[###....)))..##
.....<.[## ###.....[..##
.........# #.....[...#
..........####.....[.<##
...........#.........##
...........##....#..##


You could see Jorgrun.

Vanquished Creatures
  Gastronok (Lair:1)
  An orc warlord (Orc:2)
  A minotaur (Gauntlet)
  An ettin (Orc:1)
  Fannar (D:11)
  Erolcha (D:12)
  4 hydras
  A centaur warrior (D:10)
  5 two-headed ogres
  Erica (D:8)
  3 boulder beetles
  9 death yaks
  Urug (Lair:5)
  2 skysharks (Lair:5)
  A fire crab (Lair:4)
  An orange crystal statue (Gauntlet)
  An orc knight (Bailey)
  An ugly thing (D:12)
  A shining eye (Gauntlet)
  A cyclops (D:12)
  5 elephants
  6 black mambas (Lair:4)
  2 torpor snails
  14 cane toads
  2 kobold demonologists
  2 unseen horrors (D:12)
  5 komodo dragons
  2 rime drakes (Lair:5)
  8 polar bears
  3 trolls
  8 blink frogs (Lair:1)
  6 hornets
  9 dream sheep
  3 slime creatures (D:12)
  11 spriggans (Lair:5)
  A shadow (D:9)
  2 vampires
  A golden eye (Gauntlet)
  3 wraiths
  51 yaks
  7 wyverns
  3 basilisks (Lair:5)
  2 steam dragons
  A redback (shapeshifter) (D:12)
  3 swamp worms (Gauntlet)
  A warg (Orc:2)
  Edmund (D:5)
  2 acid dragons
  21 water moccasins
  4 ice beasts
  29 orc warriors
  4 black bears
  29 wolves
  5 boggarts (Lair:5)
  3 ogres
  7 centaurs
  A phantom (D:6)
  2 kobold brigands
  11 bullfrogs
  2 gnoll sergeants
  2 scorpions (D:8)
  A wight (D:9)
  4 howler monkeys
  13 electric eels
  2 lava snakes (Lair:4)
  10 hounds
  14 orc priests
  7 jellies
  4 iguanas
  Ijyb (D:5)
  16 orc wizards
  3 hell rats
  A mummy (D:7)
  6 gnolls
  5 adders
  9 river rats (Lair:3)
  2 shadow imps (D:6)
  4 white imps
  2 ufetubi
  A worm (D:3)
  A dart slug (D:1)
  74 orcs
  5 ball pythons
  7 endoplasms
  2 giant cockroaches
  9 goblins
  7 hobgoblins
  5 jackals
  2 quokkas
  2 bats (D:1)
  6 frilled lizards
  17 kobolds
  6 rats
570 creatures vanquished.

Vanquished Creatures (others)
  50 fungi
  39 plants
89 creatures vanquished.

Grand Total: 659 creatures vanquished

Notes
Turn   | Place    | Note
-------+----------+-------------------------------------------
     0 | D:1      | cforsyth the Deep Elf Earth Elementalist began the quest
                  | for the Orb.
     0 | D:1      | Reached XP level 1. HP: 10/10 MP: 6/6
   207 | D:1      | Reached XP level 2. HP: 15/15 MP: 5/8
   284 | D:1      | Found a faded altar of an unknown god.
  1034 | D:2      | Reached XP level 3. HP: 19/19 MP: 7/10
  1320 | D:2      | Found Lateo's Antique Weapon Boutique.
  1365 | D:2      | Reached XP level 4. HP: 24/24 MP: 10/12
  1722 | D:2      | Reached skill level 5 in Spellcasting
  2055 | D:3      | Noticed an ice beast
  2065 | D:3      | Killed an ice beast
  2066 | D:3      | Reached skill level 5 in Earth Magic
  2066 | D:3      | Reached XP level 5. HP: 7/28 MP: 6/15
  2270 | D:3      | Found a glowing silver altar of Zin.
  2270 | D:3      | Noticed an angel
  2657 | D:3      | Found Fypuliun's Jewellery Shop.
  3432 | D:5      | Entered Level 5 of the Dungeon
  3441 | D:5      | Reached XP level 6. HP: 32/32 MP: 15/17
  3528 | D:5      | Noticed a water moccasin
  3536 | D:5      | Killed a water moccasin
  3589 | D:5      | Noticed an ice beast
  3592 | D:5      | Killed an ice beast
  3614 | D:5      | Reached XP level 7. HP: 36/36 MP: 16/19
  3692 | D:5      | Noticed Ijyb
  3824 | D:5      | Found a runed translucent gate.
  3824 | D:5      | Found a runed translucent gate.
  3825 | D:5      | Found a runed translucent gate.
  3828 | D:5      | Noticed Darkkill's ghost (amateur MiHu)
  3844 | D:5      | Noticed Edmund
  3848 | D:5      | Killed Edmund
  3901 | D:5      | Killed Ijyb
  4163 | D:6      | Noticed a two-headed ogre
  4165 | D:6      | Reached XP level 8. HP: 41/41 MP: 20/23
  4734 | D:6      | Reached skill level 10 in Spellcasting
  4795 | D:6      | Learned a level 3 spell: Stone Arrow
  4800 | D:6      | Learned a level 4 spell: Petrify
  5022 | D:6      | Found a shadowy altar of Dithmenos.
  5126 | D:6      | Killed a two-headed ogre
  5127 | D:6      | Reached XP level 9. HP: 27/45 MP: 10/26
  5290 | D:7      | Identified a scroll of acquirement
  5290 | D:7      | Acquired the +1 pair of boots of Rotation {rF++ Will+}
  5353 | D:7      | Found a staircase to the Ecumenical Temple.
  5373 | D:7      | Found a flagged portal.
  5382 | Bailey   | Entered a bailey
  5392 | Bailey   | Reached skill level 10 in Earth Magic
  6437 | Bailey   | Noticed an orc knight
  6474 | Bailey   | Killed an orc knight
  6799 | D:7      | Found an ancient bone altar of Kikubaaqudgha.
  6835 | D:7      | Reached skill level 1 in Fighting
  6835 | D:7      | Reached XP level 10. HP: 52/52 MP: 25/29
  6877 | D:7      | Found Lejeamir's Weapon Shoppe.
  7162 | D:7      | Found a burning altar of Makhleb.
  7334 | D:7      | Found a snail-covered altar of Cheibriados.
  7390 | D:7      | Reached skill level 3 in Dodging
  7454 | D:7      | Found a shimmering altar of Xom.
  7695 | D:8      | Found Yrcheog's General Store.
  7698 | D:8      | Bought a scroll of teleportation for 42 gold pieces
  7731 | D:8      | Found a bloodstained altar of Trog.
  7823 | D:8      | Reached skill level 4 in Dodging
  8160 | D:8      | Noticed Erica
  8204 | Temple   | Entered the Ecumenical Temple
  8590 | D:8      | Killed Erica
  8591 | D:8      | Reached skill level 5 in Dodging
  8661 | D:8      | Noticed a two-headed ogre
  8666 | D:8      | Killed a two-headed ogre
  8768 | D:8      | Reached skill level 5 in Fighting
  8850 | D:8      | Found a radiant altar of Vehumet.
  8856 | D:8      | Found an ornate altar of the Wu Jian Council.
  8866 | D:8      | Found a sacrificial altar of Ru.
  8973 | D:9      | Noticed a two-headed ogre
  8977 | D:9      | Killed a two-headed ogre
  8978 | D:9      | Reached skill level 6 in Dodging
  9399 | D:2      | Bought a shimmering dagger for 133 gold pieces
  9399 | D:2      | Identified the +5 dagger of Yseamm {venom, Str-5 Int+3
                  | Dex+3 Stlth+} (You bought it in a shop on level 2 of the
                  | Dungeon)
  9813 | D:9      | Reached XP level 11. HP: 63/64 MP: 17/30
 10072 | D:9      | Reached skill level 7 in Dodging
 10581 | D:10     | Entered Level 10 of the Dungeon
 10581 | D:10     | Noticed a two-headed ogre
 10588 | D:9      | Killed a two-headed ogre
 10779 | D:10     | Found a staircase to the Orcish Mines.
 10816 | D:10     | Noticed a centaur warrior
 10829 | D:10     | Killed a centaur warrior
 11009 | D:8      | Became a worshipper of Vehumet
 11064 | D:9      | Reached skill level 8 in Dodging
 11813 | D:10     | Identified the +1 leather armour of Clean New Discoveries
                  | {rElec}
 11995 | D:10     | Found a hazy altar of Hepliaklqana.
 12074 | D:10     | Found a broken altar of Ashenzari.
 12537 | D:11     | Found a staircase to the Lair.
 12690 | D:11     | Reached * piety under Vehumet
 12690 | D:11     | Offered knowledge of Freeze by Vehumet.
 12775 | D:12     | Noticed a boulder beetle
 12809 | D:11     | Reached skill level 9 in Dodging
 12864 | D:11     | Noticed Fannar
 12873 | D:11     | Killed Fannar
 13487 | D:12     | Killed a boulder beetle
 13659 | D:12     | Noticed a purple ugly thing
 13694 | D:12     | Noticed a two-headed ogre
 14085 | D:12     | Noticed Erolcha
 14091 | D:12     | Killed Erolcha
 14092 | D:12     | Reached XP level 12. HP: 76/76 MP: 18/31
 14282 | D:12     | Reached skill level 10 in Dodging
 14410 | D:12     | Killed a two-headed ogre
 14772 | D:12     | Reached skill level 10 in Fighting
 14872 | D:13     | Noticed a centaur warrior
 15064 | Lair:1   | Entered Level 1 of the Lair of Beasts
 15430 | Lair:1   | Noticed a death yak
 15431 | Lair:1   | Noticed a death yak
 15448 | Lair:1   | Killed a death yak
 15765 | Lair:1   | Noticed a death yak
 15765 | Lair:1   | Noticed a death yak
 15799 | Lair:1   | Killed a death yak
 15800 | Lair:1   | Reached skill level 11 in Dodging
 15806 | Lair:1   | Killed a death yak
 15814 | Lair:1   | Killed a death yak
 16234 | Lair:1   | Reached skill level 15 in Earth Magic
 16250 | Lair:1   | Reached ** piety under Vehumet
 16257 | Lair:1   | Offered knowledge of Foxfire by Vehumet.
 16727 | Lair:1   | Noticed Gastronok
 16799 | Lair:1   | Killed Gastronok
 16800 | Lair:1   | Reached skill level 12 in Dodging
 17021 | Lair:1   | Reached XP level 13. HP: 85/85 MP: 29/32
 17316 | Lair:2   | Found a gate leading to a gauntlet.
 17345 | Gauntlet | Entered a Gauntlet
 17345 | Gauntlet | Found a transporter.
 17345 | Gauntlet | Found a transporter.
 17363 | Gauntlet | Found a transporter.
 17367 | Gauntlet | Found a transporter.
 17375 | Gauntlet | Found a transporter.
 17379 | Gauntlet | Found a transporter.
 17383 | Gauntlet | Found a runed translucent door.
 17383 | Gauntlet | Found a runed translucent door.
 17387 | Gauntlet | Found a transporter.
 17404 | Gauntlet | Found a transporter.
 17418 | Gauntlet | Found a transporter.
 17457 | Gauntlet | Found a transporter.
 17460 | Gauntlet | Found a runed translucent door.
 17467 | Gauntlet | Found a transporter.
 17471 | Gauntlet | Found a transporter.
 17614 | Gauntlet | Offered knowledge of Mephitic Cloud by Vehumet.
 17777 | Gauntlet | Identified the ring "Buziogg" {rC+ rN+ Str+2}
 18108 | Gauntlet | Got Owinip's Elucidation of Anthracomancy
 18132 | Gauntlet | Noticed a minotaur
 18140 | Gauntlet | Killed a minotaur
 18148 | Gauntlet | Got the Grimoire of Hexing Teratogeny
 18327 | Lair:2   | Found an ornate altar of the Wu Jian Council.
 18328 | Lair:2   | Found a hide-covered altar of Uskayaw.
 18633 | Lair:2   | Found a staircase to the Swamp.
 18636 | Lair:2   | Reached skill level 13 in Dodging
 19170 | Lair:2   | Reached *** piety under Vehumet
 20028 | Lair:3   | Offered knowledge of Iskenderun's Mystic Blast by Vehumet.
 20143 | Lair:3   | Found a staircase to the Snake Pit.
 20288 | Lair:3   | Reached skill level 14 in Dodging
 20930 | Lair:3   | Reached **** piety under Vehumet
 21245 | Lair:4   | Offered knowledge of Yara's Violent Unravelling by Vehumet.
 22089 | Lair:4   | Found a runed translucent gate.
 22089 | Lair:4   | Found a runed translucent gate.
 22089 | Lair:4   | Found a runed translucent gate.
 22090 | Lair:4   | Noticed bmack86's ghost (journeyman MiFi)
 22090 | Lair:4   | Noticed Darius099's ghost (journeyman TrMo)
 22233 | Lair:5   | Entered Level 5 of the Lair of Beasts
 22239 | Lair:4   | Reached skill level 15 in Dodging
 22623 | Lair:5   | Reached XP level 14. HP: 96/96 MP: 16/33
 22922 | Lair:5   | Reached skill level 15 in Fighting
 22999 | Lair:5   | Found a staircase to the Slime Pits.
 23212 | Lair:5   | Reached ***** piety under Vehumet
 23214 | Lair:5   | Offered knowledge of Conjure Ball Lightning by Vehumet.
 23282 | Lair:5   | Noticed Urug
 23297 | Lair:5   | Killed Urug
 24280 | Lair:4   | HP: 2/98 [cane toad (15)]
 24435 | Lair:4   | Reached skill level 16 in Dodging
 26465 | Orc:1    | Entered Level 1 of the Orcish Mines
 26578 | Orc:1    | Reached skill level 17 in Dodging
 26846 | Orc:2    | Entered Level 2 of the Orcish Mines
 26974 | Orc:2    | Noticed an orc warlord
 28046 | Orc:2    | Killed an orc warlord
 28383 | Orc:2    | Noticed Jorgrun
 28394 | Orc:2    | HP: 4/100 [constriction (14)]
 28409 | Orc:2    | Found Area's Antique Weapon Boutique.
 28409 | Orc:2    | Found Naynwi's Book Emporium.
 28510 | Orc:2    | Killed from afar by Jorgrun

Illustrated notes

Levels and vault maps discovered:
D:1:      dpeg_arrival_concentric_ovals, layout_basic,
          dreamdust_ecumenical_altar_angels_and_demons,
          amcnicky_mini_corridor_feature, item_on_display_a
D:2:      layout_loops_ring, serial_shops, shop, fountainhead, st_stairs_5,
          kennysheep_generic_room_10
D:3:      layout_basic, zin_angel, serial_shops, nicolae_shop_stone,
          serial_park_tiny_2, grunt_ministairs_3, grunt_decor_cap
D:4:      layout_loops_ring
D:5:      layout_rooms, ebering_ghost_rock_garden,
          minmay_fractal_squares_gapless_5, uniq_ijyb, uniq_edmund
D:6:      layout_rooms, nicolae_overflow_crystal_walls, st_stairs_11
D:7:      layout_basic, slow_altar_2, bloody_makhleb,
          mainiacjoe_overflow_boulevard, dk_xom_monty_hall,
          minmay_temple_entry_antechambers, serial_shops, nicolae_diamond_shop,
          enter_bailey_6
D:8:      layout_basic, trog_butcher_becter, minmay_overflow_temple_star_quad,
          serial_shops, nicolae_shop_behind_doors, uniq_erica
D:9:      layout_loops_ring, hangedman_corner_corridor
D:10:     layout_rooms, kennysheep_mini, overflow_temple_1_default, orc_0_dummy
D:11:     layout_loops_ring, erik_lair_island, uniq_fannar
D:12:     layout_roguey, uniq_erolcha
D:13:     layout_rooms, serial_shops,
          nicolae_shop_temple_entry_statues_fountains, kennysheep_another_room
Temple:   jpeg_temple_alley_garden
Lair:1:   layout_cave_pods, uniq_gastronok
Lair:2:   layout_gridlike, minmay_swamp_entry_eels, gauntlet_entry_generic,
          nzn_masters_of_martial_movement
Lair:3:   layout_chaotic_city, dummy_snake_entry, kennysheep_rathole
Lair:4:   layout_loops_ring, gammafunk_ghost_cemetery,
          nicolae_lair_liquid_snakes
Lair:5:   minmay_lair_end_enchanted_forest, layout_gridlike,
          nicolae_slime_entry_field_trip, grunt_megastairs_2, uniq_urug
Orc:1:    layout_caves
Orc:2:    st_orc_open, layout_diamond_mine, uniq_jorgrun

Skill      XL: |  1  2  3  4  5  6  7  8  9 10 11 12 13 14 |
---------------+-------------------------------------------+-----
Spellcasting   | 4 5 6 7 9 11 13 | 13.3
Earth Magic    | 4 5 6 7 9 11 12 14 15 | 15.5
Fighting       | 1 6 9 11 14 16 | 16.8
Dodging        | 6 9 12 15 17 | 17.2
Stealth        | |  2.4
Transmutations | |  1.1

Action                     |  1- 3 |  4- 6 |  7- 9 | 10-12 | 13-15 || total
---------------------------+-------+-------+-------+-------+-------++-------
  Melee: Unarmed           |       |       |       |     2 |     1 ||     3
   Cast: Sandblast         |    45 |    63 |   117 |   232 |   364 ||   821
         Stone Arrow       |       |       |    37 |   169 |   380 ||   586
         Petrify           |       |       |       |       |     2 ||     2
  Evoke: Wand              |       |       |     4 |       |     2 ||     6
    Use: Scroll            |       |       |    23 |     7 |    12 ||    42
         Potion            |       |       |       |     1 |     4 ||     5
 Armour: Robe              |     2 |     5 |     8 |    17 |       ||    32
         Skin              |       |       |    21 |       |       ||    21
         Troll leather arm |       |       |       |    14 |    94 ||   108
  Dodge: Dodged            |     4 |     8 |    55 |   235 |   458 ||   760

Table legend: (Time is in decaauts)
 A = Elapsed time spent in this place.
 B = Non-inter-level travel time spent in this place.
 C = Inter-level travel time spent in this place.
 D = Time resting spent in this place.
 E = Time spent auto-exploring this place.
 F = Levels seen in this place.
 G = Mean time per level.
                   A        B        C        D        E       F      G
               +--------+--------+--------+--------+--------+-----+--------+
         Total |  28990 |  27791 |   1199 |   8523 |  13784 |  23 | 1260.4 |
       Dungeon |  13874 |  13005 |    869 |   2676 |   8415 |  13 | 1067.2 |
        Temple |     93 |     52 |     41 |      0 |     35 |   1 |   93.0 |
          Lair |  10618 |  10356 |    262 |   3702 |   4475 |   5 | 2123.6 |
  Orcish Mines |   2091 |   2067 |     24 |    914 |    488 |   2 | 1045.5 |
        Bailey |   1335 |   1335 |      0 |    859 |    164 |   1 | 1335.0 |
      Gauntlet |    977 |    977 |      0 |    372 |    207 |   1 |  977.0 |
               +--------+--------+--------+--------+--------+-----+--------+

Top non-repeatable levels by time:
  Lair:5: 2987 daAuts
  Lair:1: 2509 daAuts
  Lair:4: 2172 daAuts
     D:9: 2014 daAuts
  Lair:2: 1654 daAuts
    D:12: 1566 daAuts
   Orc:1: 1366 daAuts
     D:8: 1363 daAuts
  Bailey: 1335 daAuts
  Lair:3: 1294 daAuts
    D:10: 1263 daAuts
     D:5: 1125 daAuts
     D:7: 1080 daAuts
    D:11: 1027 daAuts
     D:1: 1015 daAuts
